[Event "Tuesday Night Engine Tour 11rd Swiss 3m+2s Starts at 2200hrs ST"]
[Site "Infinity Chess"]
[Date "2018.4.10"]
[Round "6"]
[White "TasicV"]
[Black "Vimtiroba"]
[Result "1-0 "]
[ECO "C50"]
[WhiteElo "2409"]
[BlackElo "2516"]
[WhiteEngine "SugaR.XPrO.1.4.64.POCNT_CTG"]
[BlackEngine "SF9 ''A10''_CTG"]
[EventType "Swiss"]
[WhiteTeam ""]
[BlackTeam ""]
[PlyCount "201"]
[TimeControl "180+2"]

1. e4 e5 2. Nf3 Nc6 3. Bc4 Bc5 4. O-O d6 5. c3 Bb6 6. d3 h6 7. b4 Nf6 8. a4 a5 
9. b5 Ne7 10. Be3 Bxe3 11. fxe3 O-O 12. Bb3 Nd7 13. c4 Ng6 14. Nc3 Nc5 
15. Bc2 Nh4 16. d4 Ne6 17. Kh1 Nxf3 18. gxf3 exd4 19. exd4 c5 20. dxc5 dxc5 
21. Nd5 Nd4 22. e5 Qh4 23. Be4 Kh8 24. Rg1 Be6 25. Qd2 Bxd5 26. Bxd5 Rae8 
27. f4 b6 28. Qg2 g6 29. Raf1 Qh5 30. Re1 Qf5 31. Rgf1 Rg8 32. Be4 Qe6 
33. Bd5 Qf5 34. Re3 Rg7 35. Rh3 Rh7 36. Re3 Rg7 37. Qf2 Qc8 38. Rg3 Qf5 
39. Re3 h5 40. Qg2 Qg4 41. Qf2 Kg8 42. e6 Nxe6 43. Qe1 h4 44. Re5 Re7 45. Qd2 h3 
46. Bf3 Qh4 47. Qd6 Re8 48. Qxb6 Qxf4 49. Re4 Qd2 50. Ree1 Kh7 51. Qc6 Rd8 
52. Rd1 Qg5 53. Rxd8 Qxd8 54. Qd5 Rg8 55. Qxd8 Rxd8 56. b6 Rd3 57. Rb1 Nd8 
58. Bd5 Ra3 59. Kg1 Rxa4 60. b7 Nxb7 61. Rxb7 Kh6 62. Rxf7 Kg5 63. Kf2 Rb4 
64. Kg3 a4 65. Kxh3 Rb3+ 66. Kg2 a3 67. Kf2 Rb1 68. Ra7 Ra1 69. Bf3 Kf4 
70. h4 Rc1 71. Rxa3 Rxc4 72. Be2 Rc2 73. Ra4+ Ke5 74. Rg4 Kf5 75. Rg3 Kf6 
76. Rg5 c4 77. Rc5 c3 78. Rc6+ Kf5 79. Kf3 Rd2 80. Rxc3 Kf6 81. Rc7 Rd4 
82. Kg3 Ke6 83. Bb5 Kf6 84. Bc4 Kf5 85. Rf7+ Ke5 86. Bf1 Rd6 87. Rf3 Rf6 
88. Re3+ Kd5 89. Re1 Kd4 90. Bb5 Kc5 91. Bd3 Rd6 92. Re3 Kd4 93. Rf3 Ke5 
94. Kg4 Rf6 95. Re3+ Kd4 96. Kg5 Rf2 97. Re2 Rf3 98. Bxg6 Rg3+ 99. Kf6 Rf3+ 
100. Kg7 Rb3 101. h5 1-0

[Event "Tuesday Night Engine Tour 11rd Swiss 3m+2s Starts at 2200hrs ST"]
[Site "Infinity Chess"]
[Date "2018.4.10"]
[Round "6"]
[White "RonWeasley"]
[Black "gmmarolideus"]
[Result "1-0"]
[ECO "E32"]
[WhiteElo "2517"]
[BlackElo "2272"]
[WhiteEngine "BrainFish 090218_CTG"]
[BlackEngine "stockfish_9_x64_popcnt_CTG"]
[EventType "Swiss"]
[WhiteTeam ""]
[BlackTeam ""]
[PlyCount "131"]
[TimeControl "180+2"]

1. d4 Nf6 2. c4 e6 3. Nc3 Bb4 4. Qc2 O-O 5. e4 d5 6. e5 Ne4 7. Bd3 c5 
8. Nf3 cxd4 9. Nxd4 Nd7 10. Bf4 Qh4 11. g3 Qh3 12. O-O-O Nxc3 13. bxc3 Ba3+ 
14. Kb1 Nb6 15. Bf1 Qh5 16. Be2 Qg6 17. Bd3 Qh5 18. g4 Qh4 19. Nf3 Qd8 
20. Bxh7+ Kh8 21. c5 Nd7 22. Ng5 Nxc5 23. Be3 Qc7 24. Bxc5 Qxc5 25. Ka1 Qb6 
26. h4 Qc7 27. f4 a5 28. Bg8 f5 29. Bxe6 d4 30. c4 Bxe6 31. Nxe6 Qb6 
32. Nxf8 Rxf8 33. gxf5 Bb4 34. c5 Qxc5 35. Qxc5 Bxc5 36. Rhe1 Rxf5 37. e6 Rf8 
38. Kb1 Bb4 39. Re5 Rd8 40. Kc2 Be7 41. Rxa5 Bf6 42. Kd3 Kh7 43. f5 Kh6 
44. Rb5 Rc8 45. Rxb7 Rc3+ 46. Kd2 Ra3 47. Ra1 Kh5 48. e7 Ra8 49. a4 Kg4 
50. Kd3 Rc8 51. a5 Rc3+ 52. Kd2 Rc8 53. a6 d3 54. Ra4+ Kh3 55. a7 Rc2+ 
56. Kxd3 Rc3+ 57. Ke4 Bxh4 58. e8=Q g5 59. fxg6 Rc2 60. a8=Q Kg3 61. Rb3+ Kf2 
62. Qf7+ Bf6 63. Qxf6+ Ke1 64. Rb1+ Kd2 65. Rd4+ Kc3 66. Qf3# 1-0

[Event "Tuesday Night Engine Tour 11rd Swiss 3m+2s Starts at 2200hrs ST"]
[Site "Infinity Chess"]
[Date "2018.4.10"]
[Round "6"]
[White "Deep_Impact"]
[Black "MGR"]
[Result "1/2-1/2"]
[ECO "D31"]
[WhiteElo "2538"]
[BlackElo "2499"]
[WhiteEngine "asmFishW_2018-04-07_bmi2"]
[BlackEngine "Raubfisch X38"]
[EventType "Swiss"]
[WhiteTeam ""]
[BlackTeam ""]
[PlyCount "172"]
[TimeControl "180+2"]

1. d4 d5 2. c4 e6 3. Nc3 c6 4. e4 dxe4 5. Nxe4 Bb4+ 6. Bd2 Qxd4 7. Bxb4 Qxe4+ 
8. Be2 Na6 9. Ba5 b6 10. Qd6 Bd7 11. Bc3 f6 12. Nf3 Nh6 13. Rd1 Rd8 14. Qa3 Bc8 
15. Nd2 Qf4 16. Bh5+ Nf7 17. O-O Qd6 18. b4 Qe7 19. Ne4 O-O 20. c5 Rd5 
21. Be2 b5 22. Rde1 Nc7 23. Qb2 Nh6 24. Nd6 Nf5 25. Nxc8 Rxc8 26. Bf3 Rcd8 
27. Bxd5 Nxd5 28. Bd2 a6 29. a3 Re8 30. Re4 Qf7 31. Qb3 h5 32. Qd3 Re7 
33. f4 Qg6 34. Rf2 Kf7 35. Re1 Rd7 36. Rfe2 Re7 37. Rf2 Nh4 38. Re4 Re8 
39. Kh1 Re7 40. Rfe2 Nf5 41. Qf3 Qg4 42. Qd3 Qg6 43. Kg1 Nh6 44. Rf2 Ng4 
45. Rf3 f5 46. Re2 Ngf6 47. Bc1 Rd7 48. Qc2 Qh6 49. Re1 h4 50. Qe2 Ne4 
51. Rh3 Rd8 52. Qf3 Rh8 53. Re2 Ndc3 54. Rc2 Nd5 55. Qf1 Rd8 56. Rd3 Rd7 
57. Qe2 Kf8 58. Qf3 Ra7 59. Qd1 a5 60. bxa5 Rxa5 61. Rh3 Ra4 62. g3 g5 
63. fxg5 Nxg5 64. Kh1 Qf6 65. Bxg5 Qxg5 66. gxh4 Rxh4 67. Rg2 Qf4 68. Rxh4 Qxh4 
69. Qd3 Ke8 70. Rg1 Kd7 71. Qe2 Qh3 72. Rg7+ Ne7 73. Rg3 Qh8 74. Re3 Qf6 
75. Qd2+ Nd5 76. Re1 Qe7 77. Qh6 f4 78. h4 Qxc5 79. Qxe6+ Kc7 80. a4 Qf2 
81. axb5 Qxh4+ 82. Kg1 Qg3+ 83. Kh1 Qh4+ 84. Kg1 Qg3+ 85. Kf1 Qd3+ 86. Kg1 Qg3+ 
1/2-1/2

[Event "Tuesday Night Engine Tour 11rd Swiss 3m+2s Starts at 2200hrs ST"]
[Site "Infinity Chess"]
[Date "2018.4.10"]
[Round "6"]
[White "MCDermont"]
[Black "Murx"]
[Result "1/2-1/2"]
[ECO "B12"]
[WhiteElo "2571"]
[BlackElo "2528"]
[WhiteEngine "BrainFish 090218"]
[BlackEngine "asmFishW_2018-04-07_popcnt"]
[EventType "Swiss"]
[WhiteTeam ""]
[BlackTeam ""]
[PlyCount "150"]
[TimeControl "180+2"]

1. e4 c6 2. d4 d5 3. e5 Bf5 4. Nf3 e6 5. Be2 Nd7 6. O-O Ne7 7. Nbd2 h6 8. Nb3 g5 
9. Ne1 Qc7 10. Bh5 c5 11. c3 Bg7 12. f4 c4 13. Nd2 gxf4 14. Rxf4 Nxe5 
15. dxe5 Bxe5 16. Rh4 Bf6 17. Ndf3 e5 18. Qe2 O-O-O 19. Be3 b6 20. b3 e4 
21. Rf4 exf3 22. Qxf3 Bg5 23. Rxf5 Bxe3+ 24. Qxe3 Nxf5 25. Bg4 Rhe8 
26. Bxf5+ Kb8 27. Qf2 cxb3 28. axb3 Qxc3 29. Nc2 Re7 30. Rf1 Qxb3 31. Nd4 Qc3 
32. g3 Rde8 33. Kg2 Rc7 34. Nb5 Qc4 35. Nd4 Qc3 36. Nb5 Qc4 37. Nd6 Re2 
38. Nxc4 Rxf2+ 39. Kxf2 dxc4 40. Ke3 b5 41. Be4 b4 42. Rf5 a6 43. Rf6 Ka7 
44. Bd5 Re7+ 45. Kd2 c3+ 46. Kd3 Re8 47. Rd6 a5 48. Bc4 Kb7 49. Bxf7 Rf8 
50. Bd5+ Kc7 51. Rc6+ Kd7 52. Rxh6 Rf2 53. Rh7+ Kd6 54. Bb3 Rd2+ 55. Ke3 Kc5 
56. Rh5+ Kb6 57. Bc4 Rb2 58. Rb5+ Kc6 59. Rxa5 Rxh2 60. Bb3 Kd6 61. Rd5+ Ke7 
62. Re5+ Kd6 63. Re4 Rg2 64. Kf4 Rf2+ 65. Ke3 Rg2 66. Kf4 Rf2+ 67. Kg4 Rb2 
68. Rxb4 Ke5 69. Rb5+ Kd4 70. Rb4+ Ke5 71. Kh4 c2 72. Rc4 Rxb3 73. Rxc2 Kf6 
74. g4 Rb5 75. g5+ Kg7 1/2-1/2

[Event "Tuesday Night Engine Tour 11rd Swiss 3m+2s Starts at 2200hrs ST"]
[Site "Infinity Chess"]
[Date "2018.4.10"]
[Round "6"]
[White "Victorious"]
[Black "star99"]
[Result "1/2-1/2"]
[ECO "B32"]
[WhiteElo "2580"]
[BlackElo "2479"]
[WhiteEngine "Cfish_x64_060418_LTO_popcnt"]
[BlackEngine "Cryptic Heroes 9.3B"]
[EventType "Swiss"]
[WhiteTeam ""]
[BlackTeam ""]
[PlyCount "164"]
[TimeControl "180+2"]

1. e4 c5 2. Nf3 Nc6 3. d4 cxd4 4. Nxd4 e5 5. Nb5 Nf6 6. N1c3 d6 7. Nd5 Nxd5 
8. exd5 Nb8 9. a4 Be7 10. Be2 O-O 11. O-O Nd7 12. Bd2 Nf6 13. Be3 a6 14. Na3 Rb8 
15. b4 b6 16. c3 Bb7 17. c4 g6 18. Nb1 Bc8 19. Nc3 Nd7 20. Qd2 f5 21. f3 Bf6 
22. Rab1 Bg7 23. Bg5 Bf6 24. Be3 Bg7 25. Bg5 Bf6 26. Bh6 Bg7 27. Be3 Qe7 
28. Bd1 Qh4 29. Bb3 Qd8 30. Bg5 Bf6 31. Be3 Bg7 32. Ba2 Bf6 33. Rfc1 Bh4 
34. Kh1 Re8 35. Rb3 Rb7 36. Ne2 Rc7 37. Rbc3 Bf6 38. R3c2 Kg7 39. a5 bxa5 
40. c5 axb4 41. c6 Nc5 42. Bxc5 dxc5 43. Rxc5 Be7 44. Qxb4 Bd6 45. Qb6 g5 
46. Ng3 e4 47. Qb2+ Kh6 48. R5c4 exf3 49. gxf3 Kg6 50. Qd2 Qf6 51. Bb1 h6 
52. Bd3 Qf7 53. Rd4 Rce7 54. Kg2 Rd8 55. Qa5 Bc7 56. Qc3 Qf6 57. Qc5 Re5 
58. h4 Bd6 59. Qc3 Re7 60. h5+ Kg7 61. Ra4 Be5 62. Qc4 Bxg3 63. Kxg3 Qe5+ 
64. Kg2 Rxd5 65. Rc2 Rc7 66. Re2 Qd6 67. Qc3+ Qf6 68. Qa3 Qd6 69. Qb2+ Qf6 
70. Bxa6 Qxb2 71. Rxb2 Bxa6 72. Rxa6 Rc5 73. Rb7 R5xc6 74. Rxc7+ Rxc7 
75. Kf2 Rc4 76. Rg6+ Kh7 77. Rf6 Rh4 78. Rf7+ Kg8 79. Rxf5 Rxh5 80. f4 Kg7 
81. fxg5 Rxg5 82. Rxg5+ hxg5 1/2-1/2

[Event "Tuesday Night Engine Tour 11rd Swiss 3m+2s Starts at 2200hrs ST"]
[Site "Infinity Chess"]
[Date "2018.4.10"]
[Round "5"]
[White "Dovahkiin"]
[Black "TasicV"]
[Result "1/2-1/2"]
[ECO "C55"]
[WhiteElo "2393"]
[BlackElo "2410"]
[WhiteEngine "Raubfisch ME262_GTZ16f_CTG"]
[BlackEngine "SugaR.XPrO.1.4.64.POCNT_CTG"]
[EventType "Swiss"]
[WhiteTeam ""]
[BlackTeam ""]
[PlyCount "108"]
[TimeControl "180+2"]

1. e4 e5 2. Nf3 Nc6 3. Bc4 Nf6 4. d3 Bc5 5. O-O d6 6. c3 a5 7. Re1 h6 8. Bb3 O-O 
9. h3 Ba7 10. d4 Re8 11. d5 Ne7 12. c4 Bd7 13. Be3 Ng6 14. Ba4 c6 15. Nc3 Bxe3 
16. Rxe3 Nf4 17. dxc6 bxc6 18. Qd2 Qc8 19. Qxd6 Bxh3 20. Ne1 Re6 21. Qd2 Bg4 
22. f3 Qf8 23. Rd1 Qe7 24. Ne2 Bh5 25. Nd3 Rd8 26. Bc2 Qa7 27. c5 Nxe2+ 
28. Rxe2 Red6 29. Ree1 Rd4 30. Qc3 Qc7 31. Nf2 Nh7 32. Nh1 Ng5 33. Ng3 Bg6 
34. Ne2 Rxd1 35. Rxd1 Rxd1+ 36. Bxd1 f6 37. Bb3+ Bf7 38. Bxf7+ Kxf7 39. Qb3+ Ne6 
40. Ng3 Qe7 41. Kh2 Qxc5 42. Qb7+ Qe7 43. Qxc6 g6 44. Qa8 Qc7 45. Qd5 Ke7 
46. Ne2 Qb6 47. Nc3 Nf4 48. Qg8 Qf2 49. Nd5+ Nxd5 50. Qxd5 Qh4+ 51. Kg1 Qe1+ 
52. Kh2 Qh4+ 53. Kg1 Qe1+ 54. Kh2 Qh4+ 1/2-1/2

[Event "Tuesday Night Engine Tour 11rd Swiss 3m+2s Starts at 2200hrs ST"]
[Site "Infinity Chess"]
[Date "2018.4.10"]
[Round "5"]
[White "Vimtiroba"]
[Black "Murx"]
[Result "1/2-1/2"]
[ECO "A06"]
[WhiteElo "2516"]
[BlackElo "2528"]
[WhiteEngine "SF9 ''A10''_CTG"]
[BlackEngine "asmFishW_2018-04-07_popcnt"]
[EventType "Swiss"]
[WhiteTeam ""]
[BlackTeam ""]
[PlyCount "168"]
[TimeControl "180+2"]

1. Nf3 d5 2. d4 Nf6 3. c4 e6 4. Nc3 c6 5. e3 Nbd7 6. Qc2 Bd6 7. Bd3 O-O 
8. O-O dxc4 9. Bxc4 a6 10. Rd1 b5 11. Bd3 Bb7 12. Ng5 h6 13. Nge4 Bc7 14. a3 a5 
15. b3 Qe7 16. Bb2 Nd5 17. g3 Rae8 18. Bf1 Bb6 19. Bg2 Rc8 20. Qd3 Rfd8 
21. Rac1 Rb8 22. Qe2 Rbc8 23. Nd2 Ra8 24. Qd3 Ba6 25. Qb1 Rac8 26. Qa1 f5 
27. Nf3 Bb7 28. Ne1 N7f6 29. Nd3 Ng4 30. Nxd5 cxd5 31. Rxc8 Rxc8 32. Rc1 Nf6 
33. Bf1 Ne4 34. Ne5 Qe8 35. Rxc8 Qxc8 36. f3 Nd6 37. Qc1 Qxc1 38. Bxc1 g5 
39. Kg2 Bc7 40. Bd3 Kg7 41. Be2 h5 42. Bd2 Kf6 43. Nd7+ Kg7 44. Nc5 Bc8 
45. Nd3 Kf6 46. Ne5 Bb7 47. Be1 Ke7 48. h3 Kf6 49. Kf2 Kg7 50. Bd3 Bc8 
51. Kg2 Kf6 52. Kh2 Bb7 53. Kg1 Kg7 54. Kf2 Kf6 55. g4 hxg4 56. hxg4 Kg7 
57. Kg3 Kf6 58. Kg2 a4 59. bxa4 bxa4 60. Kf2 fxg4 61. Nxg4+ Kg7 62. Ne5 Nf7 
63. Nd7 Bc6 64. Nc5 Kf6 65. Bc2 Bd6 66. Bb4 Bxc5 67. Bxc5 e5 68. Kg3 Bb5 
69. Bh7 Be8 70. Bd3 Bd7 71. Bf1 Kg6 72. dxe5 Nxe5 73. f4 Nc4 74. fxg5 Kxg5 
75. Be7+ Kg6 76. Kf4 Bf5 77. Bg2 Be4 78. Bf1 Bf5 79. Bg2 Be4 80. Bxe4+ dxe4 
81. Bb4 Kf7 82. Kxe4 Kf6 83. Bc3+ Ke6 84. Ba1 Nxa3 1/2-1/2

[Event "Tuesday Night Engine Tour 11rd Swiss 3m+2s Starts at 2200hrs ST"]
[Site "Infinity Chess"]
[Date "2018.4.10"]
[Round "5"]
[White "RonWeasley"]
[Black "Deep_Impact"]
[Result "1/2-1/2"]
[ECO "D30"]
[WhiteElo "2516"]
[BlackElo "2539"]
[WhiteEngine "BrainFish 090218_CTG"]
[BlackEngine "asmFishW_2018-04-07_bmi2"]
[EventType "Swiss"]
[WhiteTeam ""]
[BlackTeam ""]
[PlyCount "102"]
[TimeControl "180+2"]

1. d4 d5 2. c4 e6 3. Nf3 Nf6 4. Nc3 c6 5. Bg5 h6 6. Bxf6 Qxf6 7. e3 Nd7 
8. Be2 g6 9. O-O Bg7 10. e4 dxe4 11. Nxe4 Qf4 12. Qc2 f5 13. Ned2 c5 14. g3 Qc7 
15. Nh4 Bxd4 16. Nxg6 Rg8 17. Nh4 Nf6 18. Ndf3 Rxg3+ 19. hxg3 Qxg3+ 20. Ng2 Ng4 
21. Qd2 Bxf2+ 22. Rxf2 Qxf2+ 23. Kh1 Bd7 24. Ne5 O-O-O 25. Nxg4 fxg4 26. Rd1 h5 
27. b3 b6 28. Qd3 Qf5 29. Kg1 Qxd3 30. Rxd3 Be8 31. Kf2 Rxd3 32. Bxd3 Kd7 
33. Kg3 Ke7 34. Nf4 Kf6 35. Kh4 Ke5 36. Ne2 a6 37. Bh7 b5 38. cxb5 axb5 
39. Bd3 Kd6 40. Kg3 e5 41. Kh4 b4 42. Ng3 Kd5 43. Nxh5 Bxh5 44. Kxh5 g3 
45. Bf1 Kd4 46. Kg4 c4 47. bxc4 g2 48. Bxg2 Kxc4 49. Bf3 Kc3 50. Kf5 Kd4 
51. Bh1 Kc3 1/2-1/2

[Event "Tuesday Night Engine Tour 11rd Swiss 3m+2s Starts at 2200hrs ST"]
[Site "Infinity Chess"]
[Date "2018.4.10"]
[Round "5"]
[White "star99"]
[Black "MCDermont"]
[Result "1/2-1/2"]
[ECO "D04"]
[WhiteElo "2475"]
[BlackElo "2575"]
[WhiteEngine "Cryptic Heroes 9.3B"]
[BlackEngine "BrainFish 090218"]
[EventType "Swiss"]
[WhiteTeam ""]
[BlackTeam ""]
[PlyCount "177"]
[TimeControl "180+2"]

1. d4 d5 2. Nf3 Nf6 3. e3 c5 4. c4 cxd4 5. exd4 g6 6. Qb3 Bg7 7. cxd5 O-O 
8. Nc3 Nbd7 9. a4 a5 10. d6 exd6 11. Bb5 Nb6 12. O-O Be6 13. Qd1 Nbd5 
14. Re1 Qb6 15. Ng5 Bf5 16. h3 Nb4 17. Re2 h6 18. Nf3 Be6 19. Re1 Nfd5 
20. Bd2 Nc7 21. Bf1 Rac8 22. Rc1 Kh7 23. Rb1 Rfd8 24. Be3 Ncd5 25. Bd2 Rf8 
26. Ra1 Bf5 27. Nxd5 Nxd5 28. Bb5 Nc7 29. Bc3 Nxb5 30. axb5 Bd7 31. Qd2 Rfe8 
32. Rxe8 Bxe8 33. Rxa5 Bd7 34. Qd3 Be6 35. h4 Bg4 36. Ra1 Bd7 37. Qe4 Re8 
38. Qf4 Bf5 39. Qg3 Rd8 40. Ba5 Qa7 41. Ra3 b6 42. Bc3 Qd7 43. h5 gxh5 
44. Nh4 Be4 45. f3 Bg6 46. Nxg6 fxg6 47. Qh4 Re8 48. d5 Kg8 49. Ra1 Qf5 
50. Rd1 Kf7 51. Bxg7 Kxg7 52. Qd4+ Qe5 53. Qxb6 Qe3+ 54. Qxe3 Rxe3 55. b4 Re7 
56. Kf2 Kf6 57. Re1 Rb7 58. g3 Rxb5 59. Re6+ Kf5 60. Rxd6 Rxb4 61. Rd8 Rb2+ 
62. Ke3 Rg2 63. Re8 Rg1 64. Kd2 Rb1 65. Kd3 Rg1 66. Kc4 g5 67. d6 Rd1 
68. Rf8+ Kg6 69. Kc5 h4 70. gxh4 gxh4 71. Rf4 h3 72. Rh4 Rc1+ 73. Kd5 Rd1+ 
74. Ke6 Re1+ 75. Kd5 Rd1+ 76. Kc6 Rc1+ 77. Kb5 Rd1 78. Kc5 Rc1+ 79. Kd4 Rd1+ 
80. Ke5 Re1+ 81. Kd4 Rh1 82. Kd5 h2 83. d7 Rd1+ 84. Kc6 Rc1+ 85. Kb6 Rb1+ 
86. Kc7 Rc1+ 87. Kb6 Rb1+ 88. Kc7 Rc1+ 89. Kb6 1/2-1/2

[Event "Tuesday Night Engine Tour 11rd Swiss 3m+2s Starts at 2200hrs ST"]
[Site "Infinity Chess"]
[Date "2018.4.10"]
[Round "5"]
[White "Victorious"]
[Black "MGR"]
[Result "1/2-1/2"]
[ECO "C50"]
[WhiteElo "2583"]
[BlackElo "2496"]
[WhiteEngine "Cfish_x64_060418_LTO_popcnt"]
[BlackEngine "Raubfisch X38"]
[EventType "Swiss"]
[WhiteTeam ""]
[BlackTeam ""]
[PlyCount "140"]
[TimeControl "180+2"]

1. e4 e5 2. Nf3 Nc6 3. Bc4 Bc5 4. O-O Nf6 5. d3 d6 6. c3 a5 7. Re1 O-O 
8. Nbd2 h6 9. Nf1 Be6 10. Bb5 Ne7 11. h3 Bb6 12. d4 exd4 13. Nxd4 Bd7 
14. Bxd7 Qxd7 15. Ng3 Ng6 16. Be3 Rae8 17. Ndf5 Bxe3 18. Rxe3 Re5 19. c4 Rfe8 
20. f3 Qe6 21. Rc3 Rc5 22. Qd2 Qe5 23. Qd4 b5 24. cxb5 Rxb5 25. b3 d5 
26. Qxe5 Rxe5 27. Nd4 Rb6 28. Nc6 Rg5 29. Kh2 Nf4 30. Rc2 dxe4 31. fxe4 Rbb5 
32. Rac1 Nd3 33. Rd1 Rgc5 34. Rxc5 Nxc5 35. e5 Nfe4 36. Nf5 Ne6 37. Rd5 Rxd5 
38. Nfe7+ Kf8 39. Nxd5 Ke8 40. Nxa5 Kd7 41. g3 N4c5 42. Nb4 Nd4 43. Kg2 Ke6 
44. Nc4 Ne4 45. a4 Nxb3 46. a5 Ned2 47. Nxd2 Nxd2 48. a6 Nc4 49. a7 Nb6 
50. g4 Kxe5 51. Kf3 c5 52. Nc2 g6 53. h4 Na8 54. Na3 Kd5 55. Kf4 Nb6 56. g5 h5 
57. Nb5 Kc6 58. Nc3 Kb7 59. Ke5 Nc4+ 60. Kf6 Nd6 61. Ke7 Nf5+ 62. Kxf7 Nxh4 
63. a8=Q+ Kxa8 64. Na4 c4 65. Nb6+ Ka7 66. Nxc4 Nf3 67. Kxg6 h4 68. Ne3 h3 
69. Nf1 h2 70. Nxh2 Nxh2 1/2-1/2

[Event "Tuesday Night Engine Tour 11rd Swiss 3m+2s Starts at 2200hrs ST"]
[Site "Infinity Chess"]
[Date "2018.4.10"]
[Round "4"]
[White "MGR"]
[Black "gmmarolideus"]
[Result "1-0"]
[ECO "C14"]
[WhiteElo "2486"]
[BlackElo "2335"]
[WhiteEngine "Raubfisch X38"]
[BlackEngine "stockfish_9_x64_popcnt_CTG"]
[EventType "Swiss"]
[WhiteTeam ""]
[BlackTeam ""]
[PlyCount "133"]
[TimeControl "180+2"]

1. e4 e6 2. d4 d5 3. Nc3 Nf6 4. Bg5 Be7 5. e5 Nfd7 6. Bxe7 Qxe7 7. f4 a6 
8. Nf3 c5 9. dxc5 Nxc5 10. a3 O-O 11. Qd2 Qc7 12. b4 Ncd7 13. Bd3 Nb6 
14. O-O Nc6 15. Ne2 h6 16. g4 Ne7 17. Rae1 Nc4 18. Qc1 a5 19. Ned4 axb4 
20. axb4 Nc6 21. g5 Nxd4 22. Nxd4 g6 23. gxh6 Qe7 24. Re2 Bd7 25. Rg2 Qxb4 
26. c3 Qe7 27. Kh1 Kh8 28. Qe1 Rg8 29. Rfg1 b5 30. h4 Qf8 31. h5 Qxh6 
32. Rg5 Nb2 33. Bb1 Rgc8 34. R5g2 Rg8 35. Rxb2 gxh5 36. Qh4 Rxg1+ 37. Kxg1 Rg8+ 
38. Rg2 Rxg2+ 39. Kxg2 Kg7 40. Bd3 Bc8 41. Kf3 Kg8 42. Qd8+ Qf8 43. Qg5+ Qg7 
44. Qxh5 b4 45. cxb4 Kf8 46. Qh4 Qg1 47. f5 exf5 48. Qh8+ Qg8 49. Qh6+ Qg7 
50. Qd6+ Kg8 51. Nxf5 Qg5 52. Ne7+ Kg7 53. Qf6+ Qxf6+ 54. exf6+ Kxf6 55. Nxc8 d4 
56. b5 Ke6 57. b6 Kd7 58. Ne7 Kd6 59. Ke4 Kd7 60. Kxd4 f6 61. Nd5 Kc6 
62. Bf5 Kb7 63. Kc5 Ka6 64. Nb4+ Ka5 65. Bd7 f5 66. Bb5 f4 67. Nc6# 1-0

[Event "Tuesday Night Engine Tour 11rd Swiss 3m+2s Starts at 2200hrs ST"]
[Site "Infinity Chess"]
[Date "2018.4.10"]
[Round "4"]
[White "Murx"]
[Black "RonWeasley"]
[Result "1/2-1/2"]
[ECO "A15"]
[WhiteElo "2529"]
[BlackElo "2515"]
[WhiteEngine "asmFishW_2018-04-07_popcnt"]
[BlackEngine "BrainFish 090218_CTG"]
[EventType "Swiss"]
[WhiteTeam ""]
[BlackTeam ""]
[PlyCount "171"]
[TimeControl "180+2"]

1. c4 Nf6 2. d4 e6 3. Nf3 d5 4. Nc3 c6 5. Bg5 h6 6. Bxf6 Qxf6 7. e3 Nd7 
8. Be2 g6 9. O-O Be7 10. Nd2 O-O 11. Rc1 Qg7 12. Qc2 Rd8 13. a3 g5 14. h3 Nf6 
15. Nf3 g4 16. hxg4 Nxg4 17. cxd5 exd5 18. Bd3 h5 19. Bf5 Bxf5 20. Qxf5 Qg6 
21. Qb1 Re8 22. Rce1 Rad8 23. b4 Nh6 24. Qxg6+ fxg6 25. Na4 Bf6 26. Nc5 Re7 
27. g3 Nf5 28. Kg2 Nd6 29. a4 a6 30. Rh1 Kg7 31. g4 hxg4 32. Nh2 g3 33. Kxg3 a5 
34. bxa5 Ra8 35. Nb3 Nc4 36. Rb1 Nxa5 37. Nd2 Rh8 38. Kg2 Rh5 39. Rhc1 Rg5+ 
40. Kf1 Rf7 41. Nhf3 Rf5 42. Ke2 g5 43. Rf1 Re7 44. Rfc1 Rf7 45. Rc5 Bd8 
46. Rf1 Rf8 47. Rcc1 Kf7 48. Ne5+ Ke6 49. Nd3 Bc7 50. Rh1 g4 51. Rcg1 Rg8 
52. Ke1 Rff8 53. Rh4 g3 54. f4 Bd6 55. Nf3 Nc4 56. Ng5+ Rxg5 57. fxg5 Rf3 
58. Rh6+ Ke7 59. Rh7+ Ke6 60. Rh6+ Ke7 61. Rh7+ Ke6 62. Rg2 b6 63. g6 Rxe3+ 
64. Re2 Rxe2+ 65. Kxe2 Kf6 66. Kf3 Kxg6 67. Ra7 Nd2+ 68. Kg2 Kf5 69. Rd7 Nc4 
70. Kf3 Ke6 71. Rg7 Nd2+ 72. Ke2 Nb3 73. Rg6+ Ke7 74. Ke3 c5 75. dxc5 bxc5 
76. Nf4 d4+ 77. Kf3 Bxf4 78. Kxf4 c4 79. Rxg3 c3 80. Ke4 c2 81. Rg1 Kd6 
82. a5 c1=R 83. Rxc1 Nxc1 84. Kxd4 Kc7 85. Ke3 Nb3 86. a6 1/2-1/2

[Event "Tuesday Night Engine Tour 11rd Swiss 3m+2s Starts at 2200hrs ST"]
[Site "Infinity Chess"]
[Date "2018.4.10"]
[Round "4"]
[White "MCDermont"]
[Black "Vimtiroba"]
[Result "1-0"]
[ECO "C50"]
[WhiteElo "2560"]
[BlackElo "2531"]
[WhiteEngine "BrainFish 090218"]
[BlackEngine "SF9 ''A10''_CTG"]
[EventType "Swiss"]
[WhiteTeam ""]
[BlackTeam ""]
[PlyCount "127"]
[TimeControl "180+2"]

1. e4 e5 2. Nf3 Nc6 3. Bc4 Bc5 4. O-O Nf6 5. d3 d6 6. c3 O-O 7. Nbd2 a5 
8. Re1 h6 9. Nf1 Be6 10. Bb5 Ne7 11. h3 c6 12. Ba4 b5 13. Bc2 a4 14. d4 exd4 
15. cxd4 Bb4 16. Re2 Nh5 17. g4 Nf6 18. Ng3 a3 19. Re3 axb2 20. Bxb2 Rxa2 
21. Rxa2 Bxa2 22. g5 hxg5 23. Nxg5 Ng6 24. h4 Bc4 25. Nh5 Ne8 26. d5 Bc5 
27. Rg3 Ne5 28. Nf3 f6 29. Nf4 Qb6 30. Rg2 Qa7 31. h5 Qa2 32. Bxe5 fxe5 
33. Ng6 Rf6 34. Kh2 cxd5 35. h6 gxh6 36. Qc1 Qa7 37. Qxh6 Qg7 38. Qh5 Rf7 
39. Nh8 dxe4 40. Bxe4 Nf6 41. Qh3 Qxg2+ 42. Kxg2 Rg7+ 43. Bg6 Nd7 44. Ng5 Nf8 
45. Qh5 e4 46. Bf7+ Bxf7 47. Nhxf7 Nh7 48. Kf1 Kf8 49. Ne6+ Ke7 50. Nxg7 Nf6 
51. Qg6 b4 52. Ng5 Kd7 53. Qxf6 b3 54. Nxe4 Kc6 55. Nxc5 b2 56. Qxb2 dxc5 
57. Qb3 c4 58. Qxc4+ Kd6 59. f3 Ke7 60. Qe6+ Kd8 61. Qf7 Kc8 62. Nf5 Kd8 
63. Qb7 Ke8 64. Qe7# 1-0

[Event "Tuesday Night Engine Tour 11rd Swiss 3m+2s Starts at 2200hrs ST"]
[Site "Infinity Chess"]
[Date "2018.4.10"]
[Round "4"]
[White "Deep_Impact"]
[Black "Victorious"]
[Result "1/2-1/2"]
[ECO "D43"]
[WhiteElo "2537"]
[BlackElo "2585"]
[WhiteEngine "asmFishW_2018-04-07_bmi2"]
[BlackEngine "Cfish_x64_060418_LTO_popcnt"]
[EventType "Swiss"]
[WhiteTeam ""]
[BlackTeam ""]
[PlyCount "157"]
[TimeControl "180+2"]

1. d4 d5 2. c4 e6 3. Nc3 Nf6 4. Nf3 c6 5. Bg5 h6 6. Bxf6 Qxf6 7. e3 Nd7 
8. Be2 Qd8 9. Qc2 Be7 10. Rc1 a6 11. O-O b6 12. e4 dxc4 13. Bxc4 b5 14. Bd3 Bb7 
15. e5 O-O 16. Rfd1 Qb8 17. Bh7+ Kh8 18. Be4 Rd8 19. h4 Kg8 20. Qe2 Qa7 
21. g4 Nf8 22. a3 Qb6 23. h5 a5 24. Kh2 Rd7 25. Rg1 Rad8 26. g5 hxg5 27. Nxg5 f5 
28. exf6 Bxf6 29. h6 Qxd4 30. Kh3 Qe5 31. Rcf1 g6 32. f4 Qd6 33. Qc2 Bxg5 
34. Rxg5 Kh8 35. Bxg6 Nxg6 36. Qxg6 Qd3+ 37. Qxd3 Rxd3+ 38. Kg4 c5 39. Nxb5 Be4 
40. Nc7 Bf5+ 41. Rxf5 exf5+ 42. Kxf5 Rb8 43. Ne6 Rxb2 44. Rc1 Rxa3 45. Rxc5 Rb6 
46. Rc8+ Kh7 47. Rf8 Rab3 48. Rf6 Kg8 49. Kg4 a4 50. Rf8+ Kh7 51. Rf6 Kg8 
52. f5 a3 53. Rf8+ Kh7 54. Rf7+ Kh8 55. Rf8+ Kh7 56. Rf7+ Kh8 57. Kh5 Rh3+ 
58. Kg4 a2 59. Ra7 Rh2 60. Ra8+ Kh7 61. Kg5 Rg2+ 62. Kh5 a1=Q 63. Rxa1 Rh2+ 
64. Kg4 Rg2+ 65. Kf3 Rh2 66. Ra8 Rxh6 67. Ra7+ Kh8 68. Ra8+ Kh7 69. Kg4 Rb3 
70. Kg5 Rhh3 71. Rc8 Rb7 72. Kg4 Rh6 73. f6 Rb1 74. Nf8+ Kg8 75. f7+ Kg7 
76. Ne6+ Kxf7 77. Ng5+ Ke7 78. Rc7+ Ke8 79. Ne4 1/2-1/2